 Dungeon Crawl Stone Soup version 0.25-a0-927-g39f137c8b7 (webtiles) character file.

Game seed: 14744110641891948717, levelgen mode: deterministic

11 Maedhros the Sneak (level 2, -5/18 HPs)
             Began as an Octopode Artificer on May 3, 2020.
             Slain by a wyvern skeleton (6 damage)
             ... on level 3 of the Dungeon.
             The game lasted 00:00:46 (525 turns).

Maedhros the Sneak (Octopode Artificer)              Turns: 525, Time: 00:00:47

Health: -5/18      AC:  1    Str: 11    XL:     2   Next: 25%
Magic:  4/4        EV: 13    Int: 13    God:
Gold:   49         SH:  0    Dex: 12    Spells: 1/1 levels left

rFire    . . .     SeeInvis .   a - +0 short sword
rCold    . . .     Gourm    .   (no shield)
rNeg     . . .     Faith    .   (helmet restricted)
rPois    .         Spirit   .   (no amulet)
rElec    .         Reflect  .   (no ring)
rCorr    .         Harm     .   (no ring)
MR       .....                  (no ring)
Stlth    +++.......             (no ring)
HPRegen  0.06/turn              (no ring)
MPRegen  0.09/turn              (no ring)
                                (no ring)
                                (no ring)

@: no status effects
A: almost no armour, stealthy swim, amphibious, 8 rings, constrict 8, camouflage
1, gelatinous body 1
a: no special abilities


You were on level 3 of the Dungeon.
You were not hungry.

You visited 1 branch of the dungeon, and saw 3 of its levels.

You collected 49 gold pieces.

Inventory:

Hand Weapons
 a - a +0 short sword (weapon)
Jewellery
 h - an uncursed ring of positive energy {unknown}
 j - an uncursed ring of protection from magic {unknown}
Wands
 b - a wand of flame (11)
 c - a wand of enslavement (14)
 d - a wand of random effects (13)
Scrolls
 g - a scroll of enchant weapon {unknown}
 i - a scroll of teleportation {unknown}
Potions
 e - a potion of mutation {unknown}
 k - a potion of lignification {unknown}
 l - a potion of curing {unknown}
 m - a potion of cancellation {unknown}
Comestibles
 f - 3 rations


   Skills:
 - Level 1.0 Fighting
 - Level 1.0 Short Blades
 - Level 2.0 Dodging
 + Level 3.3 Stealth
 - Level 3.2 Evocations


You had one spell level left.
You didn't know any spells.
Your spell library was empty.

Dungeon Overview and Level Annotations

Branches:
Dungeon (3/15)

Altars:


Innate Abilities, Weirdness & Mutations

You cannot wear most types of armour.
You are very stealthy in the water. (Stealth+)
You are amphibious.
You can wear up to eight rings at the same time.
You can use your tentacles to constrict eight enemies at once.
Your skin changes colour to match your surroundings (Stealth+).
Your rubbery body absorbs attacks. (AC +1, EV +1)


Message History

Aim: a wyvern skeleton (heavily damaged)
The puff of flame hits the wyvern skeleton!
The wyvern skeleton is severely damaged.
The hobgoblin barely misses you. The wyvern skeleton bites you.
You hit the wyvern skeleton but do no damage.
The wyvern skeleton is severely damaged.
The hobgoblin hits you with a +0 club. The wyvern skeleton bites you!
Ouch! That really hurt!
* * * LOW HITPOINT WARNING * * *
Unknown command.
Evoke which item? (* to show all) (? for menu, Esc to quit)
Okay, then.
Okay, then.
Evoke which item? (* to show all) (? for menu, Esc to quit)
Aiming: Enslavement
Press: ? - help, Shift-Dir - straight line, f/p - wyvern skeleton
Aim: a wyvern skeleton (severely damaged, chance to defeat MR: 67%)
The wyvern skeleton struggles to resist.
The wyvern skeleton bites you.
You die...

#>## #[.. ..#..... #..
#. ........ ##..
#.#....... #..#
#.##.....## ##..##
#.##.##...#### ...<.##
#.##.##......#. >.....#
#.##.##g.......
......#####.##..@Z.....#
###................###.#
###.####..#####...# #..#
#.## #.#.# ##.###.#
#..... #.....# #......
#..#### ........ ##.#
>...##.. #.#


You could see a hobgoblin and a wyvern skeleton.

Vanquished Creatures
  A leopard gecko (D:1)
  2 hobgoblins (D:2)
  A ball python (D:1)
  2 frilled lizards
  4 kobolds
  2 rats (D:1)
12 creatures vanquished.

Notes
Turn   | Place    | Note
-------+----------+-------------------------------------------
     0 | D:1      | Maedhros the Octopode Artificer began the quest for the
                  | Orb.
     0 | D:1      | Reached XP level 1. HP: 13/13 MP: 3/3
   245 | D:1      | Reached XP level 2. HP: 8/18 MP: 4/4
   525 | D:3      | Slain by a wyvern skeleton

Levels and vault maps discovered:
D:1:      dpeg_cavernosity, layout_loops_ring
D:2:      minmay_diamond_boxcup, layout_loops_cross, first_ration
D:3:      layout_rooms, uniq_robin

Skill      XL: |  1  2 |
---------------+-------+-----
Stealth        | 2 3 |  3.3
Fighting       | |  1.0
Short Blades   | |  1.0
Dodging        | |  2.0
Evocations     | |  3.2

Action                   || total
-------------------------++-------
Melee: Short sword       ||    25
       Constrict         ||     6
       Tentacles         ||     4
Evoke: Wand              ||     7
 Stab: Sleeping          ||     1
Armor: Skin              ||     1
Dodge: Dodged            ||    14

Table legend:
 A = Non-vault XP
 B = Vault XP
 C = Vault XP percentage of total XP
 D = Non-vault monster count
 E = Vault monster count
 F = Vault count percentage of total count
                 A         B        C        D         E       F
            +---------+---------+-------+---------+---------+-------
      Total |      16 |       0 |   0.0 |      12 |       0 |   0.0
            +---------+---------+-------+---------+---------+-------
        D:1 |      10 |       0 |   0.0 |       8 |       0 |   0.0
        D:2 |       6 |       0 |   0.0 |       4 |       0 |   0.0
            +---------+---------+-------+---------+---------+-------
